 Dungeon Crawl Stone Soup version 0.22-a0-192-g6ffc940 (webtiles) character file.

301 vishdafish the Skirmisher (level 6, -6/48 HPs)
             Began as a Demonspawn Fighter on Feb 16, 2018.
             Killed from afar by Sigmund (7 damage)
             ... with a wand of flame (8)
             ... on level 3 of the Dungeon.
             The game lasted 00:05:52 (3151 turns).

vishdafish the Skirmisher (Demonspawn Fighter)      Turns: 3151, Time: 00:05:53

Health: -6/48      AC:  7    Str: 16    XL:     6   Next: 14%
Magic:  6/6        EV:  8    Int: 11    God:
Gold:   151        SH:  8    Dex: 15    Spells: 5/5 levels left

rFire    x . .     SeeInvis .   a - +0 long sword
rCold    + . .     Gourm    .   c - +0 shield
rNeg     . . .     Faith    .   b - +0 scale mail
rPois    .         Spirit   .   (helmet restricted)
rElec    .         Reflect  .   n - +0 cloak
rCorr    .         Harm     .   (no gloves)
MR       .....                  (no boots)
Stlth    ..........             y - amulet of regeneration
HPRegen  0.00/turn              r - ring of ice
MPRegen  0.10/turn              (no ring)

@: about to teleport, very slightly contaminated, heavily drained, invisible
A: antennae 1, hooves 1, repulsion field 1, agile 1, inhibited regeneration
a: no special abilities


You were on level 3 of the Dungeon.
You were not hungry.

You visited 1 branch of the dungeon, and saw 3 of its levels.
You also visited: Sewer.

You collected 151 gold pieces.

Inventory:

Hand Weapons
 a - a +0 long sword (weapon)
 v - a +0 rapier of protection
Armour
 b - a +0 scale mail (worn)
 c - a +0 shield (worn)
 n - a +0 cloak (worn)
Jewellery
 r - a ring of ice (left hand)
 y - an amulet of regeneration (around neck)
Scrolls
 g - a scroll of blinking {unknown}
 i - 2 scrolls of immolation {unknown}
 k - 2 scrolls of magic mapping {unknown}
 l - 2 scrolls of identify {unknown}
 m - 2 scrolls of remove curse {unknown}
 p - 2 scrolls of enchant weapon {unknown}
 s - a scroll of random uselessness {unknown}
 t - a scroll of fear {unknown}
 w - a scroll of amnesia {unknown}
Potions
 q - a potion of flight
Miscellaneous
 d - a lamp of fire (inert)
Comestibles
 f - 5 rations


   Skills:
 + Level 4.0(2.8) Fighting
 * Level 4.0(2.8) Long Blades
 + Level 3.7(2.5) Armour
 + Level 3.6(2.5) Shields


You had 5 spell levels left.
You didn't know any spells.

Dungeon Overview and Level Annotations

Branches:
Dungeon (3/15)

Altars:
Fedhas
Gozag
The Shining One

Annotations:
D:3 Sigmund


Innate Abilities, Weirdness & Mutations

You are surrounded by a mild repulsion field. (EV +2)
You have a pair of small antennae on your head.
You have large cloven feet.
You are agile. (Dex +2)
You do not regenerate when monsters are visible.


Message History

Something hits you but does no damage.
You closely miss something. Your kick misses something.
Something hits you but does no damage.
You hit something.
You hear a zap.
A puff of flame appears from out of thin air!
The puff of flame hits you! The fire burns you terribly!
* * * LOW HITPOINT WARNING * * *
You slash something! Something hits you.
* * * LOW HITPOINT WARNING * * *
x2
Okay, then.
As you read the scroll of teleportation, it crumbles to dust.
You feel strangely unstable. Something hits you.
* * * LOW HITPOINT WARNING * * *
x2 You hear a zap.
A puff of flame appears from out of thin air!
You hear a zap.
A puff of flame appears from out of thin air!
The puff of flame hits you! The fire burns you terribly!
You die...

#.# #.# #. #.# #.#
#. #.# #.# #. #.#
#.# #. #.# #.# #.
#.# ####.# #. #.#
###....## #.
##.######.......#
#.
#...........{@..##
#.
#######..........#
#. #.._..8.._.# #.
#..........# #.
#..........# #.
##.........# #.
#.........# #.
###.....### ##
#######


There were no monsters in sight!

Vanquished Creatures
  A crocodile (Sewer)
  A jelly (D:2)
  An orc priest (D:2)
  4 adders
  An ooze (D:1)
  2 worms (D:2)
  2 dart slugs
  6 leopard geckos
  9 orcs
  5 ball pythons
  5 bats
  10 giant cockroaches
  10 goblins
  10 hobgoblins
  7 jackals
  A quokka (D:3)
  4 frilled lizards
  12 kobolds
  8 rats
99 creatures vanquished.

Notes
Turn   | Place    | Note
-------+----------+-------------------------------------------
     0 | D:1      | vishdafish the Demonspawn Fighter began the quest for the Orb.
     0 | D:1      | Reached XP level 1. HP: 18/18 MP: 1/1
   229 | D:1      | Gained mutation: You are surrounded by a mild repulsion field. (EV +2) [demonic ancestry]
   229 | D:1      | Reached XP level 2. HP: 22/24 MP: 2/2
   744 | D:1      | Reached XP level 3. HP: 26/29 MP: 3/3
   903 | D:2      | Reached XP level 4. HP: 29/35 MP: 4/4
  1179 | D:2      | Found a blossoming altar of Fedhas.
  1629 | D:3      | Found a glowing drain.
  1673 | Sewer    | Entered a sewer
  1763 | Sewer    | Noticed a crocodile
  1779 | Sewer    | Killed a crocodile
  1779 | Sewer    | Reached XP level 5. HP: 10/42 MP: 5/5
  2257 | D:3      | Found a glowing golden altar of the Shining One.
  2258 | D:3      | Found an opulent altar of Gozag.
  2261 | D:3      | Noticed Sigmund
  2371 | D:2      | Reached XP level 6. HP: 35/48 MP: 6/6
  3142 | D:3      | Gained mutation: You have large cloven feet. [potion of mutation]
  3142 | D:3      | Gained mutation: You are agile. (Dex +2) [potion of mutation]
  3142 | D:3      | Gained mutation: You do not regenerate when monsters are visible. [potion of mutation]
  3142 | D:3      | Gained mutation: You have a pair of small antennae on your head. [potion of mutation]
  3148 | D:3      | HP: 2/48 [something (1)]
  3151 | D:3      | Killed from afar by Sigmund

Vault maps used:
D:1:      nzn_arrival_settlement
D:2:      first_ration, fedhas_altar_1
D:3:      grunt_temple_overflow_open, portal_sewer_entry_a, uniq_sigmund
Sewer:    sewer_the_crocodile

Skill      XL: |  1  2  3  4  5  6 |
---------------+-------------------+-----
Long Blades    | 2 3 4 |  4.0
Armour         | 3 |  3.7
Shields        | 3 |  3.6
Fighting       | 4 |  4.0

Action                   |  1- 3 |  4- 6 || total
-------------------------+-------+-------++-------
Melee: Long sword        |    97 |   293 ||   390
Evoke: Lamp of fire      |       |     1 ||     1
  Use: Potion            |       |     9 ||     9
       Scroll            |       |     4 ||     4
  Eat: Chunk             |       |     5 ||     5
       Ration            |       |     1 ||     1
Armor: Scale mail        |    40 |   174 ||   214
Dodge: Dodged            |    39 |   110 ||   149
Block: Shield            |    48 |   164 ||   212
       Rpst.: Long sword |    12 |    45 ||    57

Table legend:
 A = Spawn XP
 B = Non-spawn XP
 C = Spawn XP percentage of total XP
 D = Spawn monster count
 E = Non-spawn monster count
 F = Spawn count percentage of total count
 G = Total turns spent on level
                    A         B        C        D         E        F      G
               +---------+---------+-------+---------+---------+-------+---------
         Total |       0 |     431 |   0.0 |       0 |      99 |   0.0 |  3151
               +---------+---------+-------+---------+---------+-------+---------
           D:1 |       0 |      51 |   0.0 |       0 |      24 |   0.0 |   819
           D:2 |       0 |     179 |   0.0 |       0 |      41 |   0.0 |   905
           D:3 |       0 |      92 |   0.0 |       0 |      28 |   0.0 |  1002
         Sewer |       0 |     109 |   0.0 |       0 |       6 |   0.0 |   425
               +---------+---------+-------+---------+---------+-------+---------
